 Dungeon Crawl Stone Soup version 0.25-a0-737-g26c3a87c45 (webtiles) character file.

Game seed: 9992118965331685956, levelgen mode: deterministic

70 mortelune the Bolt Thrower (level 4, 0/35 HPs)
             Began as a Formicid Hunter on Apr 11, 2020.
             Slain by a jackal (2 damage)
             ... on level 3 of the Dungeon.
             The game lasted 00:06:03 (2031 turns).

mortelune the Bolt Thrower (Formicid Hunter)        Turns: 2031, Time: 00:06:03

Health: 0/35       AC: 10    Str: 18    XL:     4   Next: 45%
Magic:  4/4        EV:  5    Int: 10    God:
Gold:   123        SH:  5    Dex: 11    Spells: 3/3 levels left

rFire    . . .     SeeInvis +   b - -2 quarterstaff (curse)
rCold    . . .     Gourm    .   n - +2 buckler
rNeg     . . .     Faith    .   m - +0 plate armour
rPois    .         Spirit   .   (helmet unavailable)
rElec    .         Reflect  .   (no cloak)
rCorr    .         Harm     .   (no gloves)
MR       .....                  (no boots)
Stlth    ..........             (no amulet)
HPRegen  0.11/turn              (no ring)
MPRegen  0.09/turn              (no ring)

@: no status effects
A: permanent stasis, dig shafts and tunnels, four strong arms, antennae 3
a: Dig, Shaft Self


You were on level 3 of the Dungeon.
You were hungry.

You visited 1 branch of the dungeon, and saw 3 of its levels.

You collected 123 gold pieces.

Inventory:

Hand Weapons
 a - a +1 hand crossbow
 b - a cursed -2 quarterstaff (weapon)
 g - a +0 short sword
Missiles
 d - 30 bolts
Armour
 c - a +0 leather armour
 l - a +0 scale mail
 m - a +0 plate armour (worn)
 n - a +2 buckler (worn)
Scrolls
 j - a scroll of magic mapping
 k - a scroll of teleportation
 p - a scroll of immolation
Potions
 e - 3 potions of curing {unknown}
 h - a potion of lignification {unknown}
Comestibles
 f - 4 rations


   Skills:
 + Level 3.2 Fighting
 + Level 0.2 Staves
 + Level 4.5 Crossbows
 + Level 1.2 Armour
 - Level 2.3 Dodging
 - Level 1.4 Stealth


You had 3 spell levels left.
You didn't know any spells.
Your spell library was empty.

Dungeon Overview and Level Annotations

Branches:
Dungeon (3/15)

Altars:

Annotations:
D:2 Sigmund


Innate Abilities, Weirdness & Mutations

You cannot be hasted, slowed, berserked, paralysed or teleported.
You can dig through walls and to a lower floor.
Your four strong arms can wield two-handed weapons with a shield.
You have a pair of large antennae on your head. (SInv)


Message History

The frilled lizard bites you but does no damage.
The jackal bites you but does no damage. x2
Your plate armour prevents you from hitting the jackal.
The jackal is severely wounded.
You block the jackal's attack. The jackal bites you.
The orc priest calls down the wrath of Beogh upon you.
Beogh smites you!
* * * LOW HITPOINT WARNING * * *
You block the jackal's attack.
The jackal bites you but does no damage.
The jackal barely misses you.
The frilled lizard bites you but does no damage.
The jackal bites you but does no damage.
The jackal bites you.
* * * LOW HITPOINT WARNING * * *
You barely miss the jackal.
The jackal is severely wounded.
The jackal bites you but does no damage.
The jackal bites you.
You die...

........#.##.....#
.....o...........#
......####.#.....#
...### #.#.....#
.#. .#####.#.....#
.{#.............#
....####.o....# ##
#lh##### ##@h###
#hh<.# ##....>....
##........ {
##....... .......
....... ....###
###..


You could see an orc priest, 4 jackals and a frilled lizard.

Vanquished Creatures
  2 adders (D:2)
  An ooze (D:2)
  2 dart slugs (D:1)
  A leopard gecko (D:3)
  6 goblins
  5 hobgoblins
  6 kobolds
  2 quokkas (D:2)
  9 bats
  5 frilled lizards (D:1)
  5 rats (D:1)
44 creatures vanquished.

Notes
Turn   | Place    | Note
-------+----------+-------------------------------------------
     0 | D:1      | mortelune the Formicid Hunter began the quest for the Orb.
     0 | D:1      | Reached XP level 1. HP: 16/16 MP: 1/1
   327 | D:1      | Reached XP level 2. HP: 23/23 MP: 2/2
  1002 | D:1      | Reached XP level 3. HP: 28/28 MP: 3/3
  1483 | D:2      | Reached XP level 4. HP: 33/35 MP: 4/4
  1683 | D:2      | Reached skill level 1 in Armour
  1764 | D:2      | Noticed Sigmund
  2031 | D:3      | Slain by a jackal

Levels and vault maps discovered:
D:1:      grunt_arrival_lava_bath, layout_basic
D:2:      layout_basic, first_ration, chequers_ecumenical_altar_simple,
          uniq_sigmund
D:3:      layout_rooms, nicolae_overflow_hidden_temple, minmay_cut_off

Skill      XL: |  1  2  3  4 |
---------------+-------------+-----
Dodging        | 2 |  2.3
Fighting       | 3 |  3.2
Armour         | 1 |  1.2
Staves         | |  0.2
Crossbows      | |  4.5
Stealth        | |  1.4

Action                   |  1- 3 |  4- 6 || total
-------------------------+-------+-------++-------
Melee: Short sword       |    66 |     6 ||    72
       Quarterstaff      |       |    24 ||    24
 Fire: Hand crossbow     |    61 |    13 ||    74
  Use: Scroll            |       |     5 ||     5
  Eat: Chunk             |     2 |     1 ||     3
Armor: Scale mail        |    31 |       ||    31
       Plate armour      |       |    61 ||    61
Dodge: Dodged            |    40 |    28 ||    68
Block: Buckler           |     3 |    22 ||    25

Table legend:
 A = Non-vault XP
 B = Vault XP
 C = Vault XP percentage of total XP
 D = Non-vault monster count
 E = Vault monster count
 F = Vault count percentage of total count
                 A         B        C        D         E       F
            +---------+---------+-------+---------+---------+-------
      Total |     101 |       0 |   0.0 |      44 |       0 |   0.0
            +---------+---------+-------+---------+---------+-------
        D:1 |      43 |       0 |   0.0 |      28 |       0 |   0.0
        D:2 |      51 |       0 |   0.0 |      13 |       0 |   0.0
        D:3 |       7 |       0 |   0.0 |       3 |       0 |   0.0
            +---------+---------+-------+---------+---------+-------
